Map: Vigilancia de apoyo

Players

MrFercho - Winner!

  • Race: Terran Terran
  • Spawn Location: 5:00

tigro - Winner!

  • Race: Terran Terran
  • Spawn Location: 5:00

IA (Más difícil)

  • Race: Terran Terran
  • Spawn Location: 7:00

IA (Más difícil)

  • Race: Protoss Protoss
  • Spawn Location: 11:00

IA (Más difícil)

  • Race: Zerg Zerg
  • Spawn Location: 7:00

IA (Más difícil)

  • Race: Terran Terran
  • Spawn Location: 1:00

VOD

Have the link to the VOD?

Description

Time

  • Played on: Oct. 1, 2018, 11:04 a.m.
  • Length: 32:16
Show
View Real Time Build Order
Export as new Build Order

MrFercho Terran - Winner!

Build Orders:  

Get SALT Encoding   

  12  0:03  SCV  
  13  0:21  Supply Depot  
  13  0:26  Refinery  
  13  0:27  SCV  
  14  0:48  SCV  
  15  1:00  Barracks  
  15  1:04  SCV  
  16  1:15  Refinery  
  16  1:17  SCV  
  17  1:29  SCV  
  18  1:48  Barracks  
  18  1:49  Supply Depot  
  18  1:57  Barracks Tech Lab  
  18  2:02  Orbital Command  
  18  2:12  Supply Depot  
  18  2:18  Marauder  
  20  2:38  SCV  
  20  2:39  Marine  
  22  2:45  Barracks Tech Lab  
  22  2:50  SCV  
  23  2:56  Factory  
  23  2:57  Reaper  
  24  3:02  SCV  
  25  3:12  Marine  
  26  3:29  Reaper  
  26  3:30  Marine  
  28  3:43  Engineering Bay  
  28  4:02  Marauder  
  30  4:10  Engineering Bay  
  30  4:13  Marine  
  31  4:22  Marine, Factory  
  32  4:26  SCV  
  33  4:37  Engineering Bay  
  33  4:38  SCV  
  34  4:46  Starport  
  34  4:51  SCV  
  35  5:03  SCV  
  36  5:13  Missile Turret  
  36  5:15  SCV  
  37  5:24  Starport  
  37  5:35  Missile Turret  
  37  5:40  Sensor Tower  
  37  5:57  Missile Turret  
  37  6:05  Factory Tech Lab  
  37  6:06  Factory Tech Lab  
  37  6:07  Sensor Tower  
  37  6:08  Starport Tech Lab x2  
  37  6:19  Armory  
  37  6:20  Terran Infantry Weapons Level 1  
  37  6:21  Armory, Missile Turret  
  37  6:24  Terran Infantry Armor Level 1  
  37  6:31  Supply Depot  
  37  6:47  Missile Turret  
  37  6:54  Supply Depot  
  37  6:55  Command Center  
  37  7:16  Supply Depot  
  37  7:28  Missile Turret  
  37  7:45  Bunker  
  37  7:48  Armory, Missile Turret  
  37  7:59  Thor  
  37  8:01  Siege Tank  
  46  8:09  Missile Turret  
  46  8:17  Bunker  
  46  8:26  Bunker  
  46  8:41  Planetary Fortress  
  46  8:49  Refinery  
  46  8:54  Refinery  
  46  8:57  Marine x2  
  48  9:14  Concussive Shells  
  48  9:15  Marauder, Combat Shield, Marine  
  51  9:20  Rapid Fire Launchers  
  51  9:29  Smart Servos  
  51  9:33  Cloaking Field, Marauder  
  51  9:37  Marauder  
  55  9:50  Fusion Core  
  55  9:54  SCV  
  56  10:06  SCV  
  57  10:18  SCV  
  57  10:19  Stimpack  
  58  10:29  Hellion  
  58  10:30  Thor  
  66  10:55  Command Center  
  66  11:04  Medivac  
  66  11:05  Refinery  
  66  11:09  Viking  
  70  11:25  Marine x2  
  71  11:31  Refinery  
  72  11:33  SCV  
  73  11:43  Marine x2  
  73  11:45  SCV  
  76  12:01  Marine x2  
  78  12:15  Banshee x2  
  81  12:18  Marine  
  85  12:30  SCV  
  86  12:42  SCV  
  87  12:53  Terran Infantry Weapons Level 2, Terran Infantry Armor Level 2  
  93  12:58  Battlecruiser  
  93  12:59  Terran Ship Weapons Level 1  
  93  13:09  Orbital Command  
  93  13:17  SCV  
  94  13:29  SCV  
  95  13:41  SCV  
  96  14:00  Cyclone  
  99  14:17  Cyclone  
  102  14:41  Banshee  
  102  14:43  Raven  
  96  16:20  Thor  
  96  16:21  Siege Tank  
  105  16:27  Marauder x2  
  109  16:34  Battlecruiser  
  109  16:35  Battlecruiser  
  121  16:48  Marine x2  
  121  16:53  Hellion  
  125  17:06  Marauder  
  125  17:07  Marauder  
  125  18:51  Thor  
  131  19:04  Supply Depot  
  131  19:06  Supply Depot  
  131  19:09  Supply Depot  
  131  19:10  Supply Depot  
  131  19:26  Siege Tank  
  134  20:43  Command Center  
  134  20:46  Refinery  
  134  20:48  Refinery  
  134  21:37  SCV x3  
  137  21:49  SCV x3  
  140  22:01  SCV x3  
  143  22:13  SCV x3  
  143  22:14  Viking x2  
  150  22:23  Orbital Command  
  150  22:25  SCV x3  
  153  22:45  Terran Ship Weapons Level 2  
  153  22:46  Terran Vehicle And Ship Armor Level 1, Terran Vehicle Weapons Level 1  
  153  22:51  Terran Infantry Armor Level 3, Terran Infantry Weapons Level 3  
  153  22:52  Hi-Sec Auto Tracking  
  153  22:56  Hyperflight Rotors  
  153  22:57  Rapid Reignition System  
  153  23:00  Drilling Claws  
  153  23:02  Infernal Pre-Igniter  
  153  23:36  Marauder x2  
  153  23:40  Thor  
  153  23:41  Thor  
  169  23:48  Neosteel Frame  
  169  23:50  Battlecruiser x2  
  169  23:53  Corvid Reactor  
  181  23:56  Marine  
  181  23:57  Marauder  
  184  24:14  Marine, SCV x2  
  187  24:18  Marine  
  187  24:23  Siege Tank  
  191  24:24  Siege Tank  
  191  24:26  SCV x2  
  196  24:38  SCV x2  
  198  24:50  SCV x2  
  200  24:57  Advanced Ballistics  
  200  25:02  Orbital Command  
  200  25:04  Weapon Refit  
  200  25:07  Neosteel Armor  
  200  26:38  Refinery  
  200  26:46  Refinery  
  200  27:56  Terran Vehicle Weapons Level 2, Terran Ship Weapons Level 3  
  200  27:57  Terran Vehicle And Ship Armor Level 2  
Show
View Real Time Build Order
Export as new Build Order

tigro Terran - Winner!

Build Orders:  

Get SALT Encoding   

  12  0:07  SCV  
  13  0:19  Refinery  
  13  0:20  SCV  
  14  0:26  Refinery  
  14  0:48  SCV  
  15  1:08  Supply Depot  
  15  1:29  SCV  
  15  1:31  Supply Depot  
  16  1:35  Engineering Bay  
  16  1:54  SCV  
  17  2:06  SCV  
  18  2:32  Barracks  
  18  2:41  Terran Infantry Weapons Level 1  
  18  2:42  Barracks  
  18  3:47  Command Center  
  18  3:50  Orbital Command  
  18  3:55  Barracks Tech Lab  
  18  4:00  Marine  
  19  4:18  Marine  
  19  4:22  Combat Shield  
  20  4:30  Refinery  
  20  4:35  Marine  
  20  4:36  Terran Infantry Armor Level 1  
  21  4:41  Marauder  
  23  4:53  Marine  
  24  5:02  Marauder  
  26  5:11  Marine  
  27  5:33  SCV  
  28  5:45  SCV  
  29  5:57  SCV  
  29  6:03  Stimpack  
  31  6:04  SCV  
  31  6:09  SCV  
  32  6:21  SCV  
  33  6:30  Hi-Sec Auto Tracking  
  33  6:33  Factory  
  33  6:42  Marauder  
  35  7:00  Planetary Fortress  
  35  7:03  Marauder  
  37  7:18  Barracks Tech Lab  
  37  7:25  Marauder  
  37  7:26  Neosteel Frame  
  39  7:42  Factory Tech Lab  
  39  7:43  Armory, Concussive Shells  
  39  7:46  Marauder  
  41  8:07  Marauder  
  41  8:10  Infernal Pre-Igniter  
  43  8:22  Marine  
  44  8:40  Marine  
  45  8:45  Neosteel Armor  
  45  8:58  Marine  
  45  8:59  Starport  
  45  9:00  Terran Vehicle Weapons Level 1  
  46  9:29  Rapid Fire Launchers  
  46  10:41  Starport Tech Lab  
  46  10:44  Supply Depot, Refinery  
  46  10:47  Drilling Claws  
  46  10:55  Terran Vehicle And Ship Armor Level 1  
  46  10:56  Terran Infantry Armor Level 2  
  46  11:05  Marine  
  46  11:06  Siege Tank  
  46  11:07  Supply Depot  
  50  11:23  Marine  
  51  11:37  Thor  
  51  11:38  Fusion Core  
  57  11:49  Medivac  
  59  12:06  Smart Servos  
  59  12:16  Rapid Reignition System  
  59  12:17  Weapon Refit  
  59  12:19  Medivac  
  61  12:24  SCV  
  62  12:40  Supply Depot  
  62  12:49  Terran Ship Weapons Level 1  
  62  13:02  Siege Tank, SCV  
  62  13:03  Supply Depot  
  66  13:12  Terran Infantry Weapons Level 2  
  66  13:13  Corvid Reactor  
  66  13:20  SCV  
  67  13:32  SCV  
  67  13:33  Thor  
  74  14:16  Siege Tank  
  77  14:18  Marine  
  78  14:29  Bunker  
  78  14:42  Terran Vehicle Weapons Level 2  
  78  15:09  Supply Depot  
  78  15:30  Marine  
  78  15:31  Battlecruiser  
  78  15:32  Supply Depot  
  85  15:48  Marine  
  86  15:50  Bunker  
  86  16:06  Marine  
  87  16:24  Marine  
  88  16:35  Battlecruiser  
  40  18:43  Marine  
  41  18:50  Marauder  
  41  18:53  Medivac  
  45  19:00  Thor, Marine  
  52  19:12  Marauder  
  54  19:18  Marine  
  54  19:23  Medivac  
  57  19:33  Marauder  
  57  19:36  Marine  
  60  19:43  Siege Tank  
  63  19:45  Refinery  
  63  19:54  Marine, Battlecruiser  
  63  19:55  Marauder  
  72  20:03  Refinery  
  72  20:15  Thor  
  72  20:16  Marauder  
  72  20:20  Command Center  
  80  20:29  Missile Turret  
  80  20:58  Battlecruiser, Siege Tank  
  89  21:04  Marine  
  89  21:08  Missile Turret  
  90  21:14  Terran Infantry Weapons Level 3  
  90  21:18  Terran Vehicle Weapons Level 3  
  90  21:22  Marine  
  91  21:40  Marine  
  92  21:58  Marine  
  93  22:02  Battlecruiser  
  99  22:15  Marine  
  102  22:51  Marauder  
  102  23:06  Banshee  
  107  23:13  Marauder  
  107  23:27  Marine  
  108  23:42  Cloaking Field  
  108  23:45  Marine  
  109  23:51  Terran Infantry Armor Level 3  
  109  24:55  Marauder  
  109  25:01  Hyperflight Rotors  
  109  25:26  Marine  
  108  25:43  Marine  
  109  26:22  Marine  
  108  26:26  Marauder, Banshee  
  81  26:48  Marauder  
  74  27:02  Advanced Ballistics  
  68  27:09  Marauder, Banshee  
  64  29:56  Refinery  
  64  30:00  Refinery  
Show
View Real Time Build Order
Export as new Build Order

IA (Más difícil) Terran 

Build Orders:  

Get SALT Encoding   

  12  0:01  SCV  
  13  0:13  SCV  
  14  0:20  Supply Depot  
  14  0:25  SCV  
  15  0:42  SCV  
  16  0:47  Barracks  
  16  0:54  SCV  
  17  1:06  SCV  
  17  1:09  Supply Depot  
  18  1:18  Refinery  
  18  1:22  SCV  
  19  1:35  Barracks, Orbital Command  
  19  1:36  Marine  
  20  1:48  Refinery  
  20  1:54  Marine  
  21  2:01  SCV  
  22  2:11  Marine  
  22  2:14  SCV  
  24  2:22  Factory  
  22  2:23  Marine  
  22  2:24  Supply Depot  
  22  2:30  Barracks Tech Lab  
  22  2:32  SCV  
  23  2:40  Marine  
  23  2:48  Marine, SCV  
  24  2:59  Marine  
  25  3:06  Marauder  
  25  3:17  Marine  
  25  3:26  Hellion  
  23  3:27  Marine  
  21  3:34  Marine  
  14  3:48  Factory Tech Lab  
  11  4:06  SCV  
  11  4:07  Hellion  
  12  4:18  SCV  
  11  4:28  Siege Tank  
  11  4:30  SCV  
  14  4:33  Marine  
  15  4:42  SCV  
  16  4:48  Marine  
  17  4:54  SCV  
  16  5:06  Marine, SCV  
  17  5:18  SCV  
  18  5:25  Marauder  
  19  5:30  Barracks Tech Lab, SCV  
  19  5:43  SCV  
  19  5:46  Marine  
  20  5:51  Marine  
  20  5:55  SCV  
  22  6:05  Marauder  
  22  6:07  SCV  
  22  6:15  Marine  
  23  6:19  SCV  
  24  6:31  SCV  
  25  6:43  SCV  
  26  6:47  Factory  
  26  6:55  SCV  
  27  7:07  SCV  
  28  7:09  Starport  
  28  7:13  Marine  
  27  7:19  SCV  
  28  7:23  Marine  
  29  7:30  Factory Tech Lab  
  29  7:31  SCV  
  30  7:43  Marine  
  30  7:44  SCV  
  29  7:45  Starport  
  29  7:55  Marauder  
  29  7:56  SCV  
  32  8:02  Starport Tech Lab  
  32  8:08  SCV  
  33  8:15  Supply Depot  
  33  8:17  Marine  
  31  8:22  Marine  
  31  8:23  Starport Tech Lab  
  13  9:11  Marine, SCV  
  15  9:17  Marine  
  15  9:23  SCV  
  20  9:24  Siege Tank  
  19  10:08  Command Center  
  19  10:12  SCV  
  20  10:24  SCV  
  20  10:36  SCV  
  21  10:46  Barracks  
  21  10:48  SCV  
  21  11:00  Marine, SCV  
  22  11:07  Marine  
  23  11:13  SCV  
  23  11:25  SCV  
  24  11:27  SCV  
  25  11:34  Barracks Reactor  
  25  11:36  Marine  
  25  11:37  SCV  
  25  11:42  Marine  
  25  11:45  SCV  
  27  11:49  SCV  
  28  11:56  Marine  
  28  11:58  SCV  
  28  12:00  Marine  
  31  12:02  SCV  
  31  12:10  SCV  
  31  12:14  SCV  
  32  12:21  Factory  
  32  12:22  SCV  
  33  12:26  SCV  
  34  12:34  SCV  
  35  12:46  Command Center  
  35  12:52  Marine x2  
  35  12:53  Marine  
  35  12:55  Marine  
  38  13:05  Factory Tech Lab  
  38  13:10  Marine x2  
  40  13:19  Marine  
  40  13:20  Starport  
  40  13:22  Raven  
  40  13:26  Raven  
  41  13:28  Marauder x2  
  41  13:29  Marine  
  46  13:37  Marine  
  47  13:47  Marine  
  48  13:49  Marine x2  
  48  13:54  Marine  
  50  13:57  Starport Reactor  
  50  14:01  SCV  
  50  14:02  Supply Depot  
  50  14:05  Marine  
  50  14:07  Marauder x2  
  55  14:12  Marine  
  55  14:14  Ghost Academy  
  56  14:25  Medivac  
  56  14:29  Marauder  
  56  14:30  Raven  
  60  14:35  Medivac  
  62  14:39  Medivac  
  62  14:45  Ghost  
  66  14:49  Engineering Bay  
  66  14:55  Raven  
  66  14:59  Marine x2  
  69  15:02  Marine  
  69  15:13  Marine  
  70  15:17  Marine x2  
  70  15:18  Missile Turret  
  70  15:20  Marine  
  70  15:21  Viking  
  66  15:23  Viking  
  51  15:32  Marauder  
  51  15:34  Marine  
  51  15:35  Marine  
  48  15:38  Marine  
  50  15:48  Viking  
  46  15:52  Marine  
  46  15:53  Hellion, Marine  
  46  15:54  Viking  
  46  15:56  Marine  
  47  15:57  Marine  
  36  16:09  Viking  
  36  16:10  Marine x2  
  36  16:14  Marine  
  36  16:15  Marine  
  33  16:23  SCV  
  27  16:26  SCV  
  27  16:32  Marine  
  27  16:33  Marine  
  25  16:46  SCV x2  
  22  16:50  Marine x2  
  17  17:30  Barracks  
  17  17:48  Refinery  
  17  17:49  SCV  
  18  17:54  SCV  
  18  17:57  Refinery  
  19  18:00  Supply Depot  
  19  18:01  SCV  
  19  18:10  SCV  
  20  18:17  Marine  
  20  18:19  Factory  
  21  18:28  SCV  
  22  18:34  Barracks  
  22  18:35  SCV  
  22  18:40  SCV  
  20  18:57  SCV  
  19  19:10  SCV x2  
  10  20:02  SCV  
  10  20:15  SCV  
  11  20:27  SCV  
  11  20:39  SCV  
  11  20:51  SCV  
  11  20:52  Supply Depot  
  12  21:03  SCV  
  13  21:15  SCV  
  13  21:27  SCV  
  14  21:39  SCV  
  14  21:51  SCV  
  15  21:59  Barracks  
  14  22:03  SCV  
  14  22:16  SCV  
  14  22:33  SCV  
  14  22:45  SCV  
  14  22:46  Marine  
  15  22:57  SCV  
  15  23:04  Marine  
  15  23:09  SCV  
  15  23:13  Barracks  
  12  23:22  Marine  
  5  23:52  Command Center  
  4  23:56  Supply Depot  
  4  24:09  Barracks  
  4  24:29  Command Center  
  4  24:59  Barracks Tech Lab  
  4  25:07  SCV  
  4  25:08  Factory  
  5  25:19  SCV  
  5  25:31  SCV  
  5  25:43  SCV  
Show
View Real Time Build Order
Export as new Build Order

IA (Más difícil) Protoss 

Build Orders:  

Get SALT Encoding   

  12  0:01  Probe  
  13  0:13  Probe  
  14  0:19  Pylon  
  14  0:25  Probe  
  15  0:34  Probe  
  15  0:42  Probe  
  16  0:47  Assimilator  
  17  0:50  Gateway  
  17  0:51  Probe  
  18  0:59  Probe  
  18  1:01  Pylon  
  19  1:20  Probe  
  20  1:38  Zealot  
  22  1:40  Cybernetics Core  
  22  1:42  Gateway  
  22  1:46  Assimilator  
  22  2:05  Pylon  
  22  2:10  Adept  
  24  2:26  Adept  
  26  2:35  Warp Gate  
  26  2:40  Zealot  
  28  2:45  Pylon  
  28  2:55  Adept  
  28  2:56  Zealot  
  32  3:16  Pylon  
  32  3:21  Adept  
  32  3:24  Adept  
  36  3:34  Probe  
  37  3:46  Probe  
  37  3:47  Stalker  
  38  3:51  Adept  
  42  3:56  Pylon  
  42  3:58  Probe  
  43  4:07  Forge  
  43  4:08  Adept  
  43  4:10  Probe  
  44  4:22  Probe  
  47  4:29  Adept  
  49  4:34  Probe  
  50  4:45  Stalker  
  52  5:23  Protoss Ground Weapons Level 1  
  52  5:53  Sentry  
  54  5:57  Gateway  
  54  6:01  Stalker  
  56  6:06  Pylon, Nexus  
  56  6:09  Sentry, Photon Cannon  
  58  6:14  Photon Cannon  
  58  6:24  Sentry  
  60  6:28  Robotics Facility  
  60  6:33  Sentry, Pylon  
  62  6:43  Stargate  
  60  6:48  Stalker  
  52  6:56  Zealot  
  46  7:04  Protoss Ground Armor Level 1, Zealot  
  42  7:11  Zealot  
  44  7:16  Observer  
  44  7:20  Adept  
  44  7:21  Probe x2  
  49  7:23  Assimilator  
  49  7:27  Stalker  
  51  7:33  Probe  
  51  7:34  Probe  
  51  7:35  Zealot  
  54  7:43  Stalker  
  56  7:45  Probe  
  56  7:46  Probe  
  58  7:51  Stalker  
  58  7:52  Observer  
  58  7:57  Probe  
  62  7:59  Adept, Pylon  
  62  8:00  Probe  
  65  8:07  Stalker  
  65  8:09  Probe  
  65  8:12  Probe  
  69  8:16  Twilight Council  
  69  8:23  Probe  
  69  8:25  Probe  
  70  8:35  Probe  
  70  8:36  Pylon  
  70  8:37  Probe  
  72  8:42  Blink  
  72  8:46  Forge  
  72  8:47  Probe  
  73  8:49  Probe  
  74  8:56  Photon Cannon  
  74  8:59  Probe  
  74  9:01  Probe  
  76  9:06  Photon Cannon  
  76  9:47  Assimilator  
  76  10:01  Warp Prism  
  76  10:04  Adept  
  80  10:07  Gateway  
  80  10:08  Adept  
  80  10:09  Robotics Facility  
  80  10:12  Stargate  
  80  10:13  Adept, Nexus  
  70  10:30  Observer  
  70  10:31  Adept  
  70  10:35  Adept  
  70  10:40  Adept  
  73  10:50  Warp Prism  
  73  10:51  Stalker  
  73  10:55  Adept, Protoss Ground Weapons Level 2  
  73  10:56  Warp Prism  
  81  11:00  Adept, Gateway  
  83  11:05  Stargate  
  83  11:07  Stalker  
  85  11:15  Protoss Ground Armor Level 2  
  85  11:17  Immortal  
  85  11:20  Immortal  
  85  11:26  Probe  
  85  11:27  Probe  
  85  11:28  Probe  
  96  11:38  Probe  
  97  11:41  Probe  
  97  11:43  Probe  
  99  11:50  Probe  
  100  11:57  Probe  
  100  12:00  Probe  
  102  12:02  Probe  
  103  12:09  Probe  
  103  12:11  Robotics Bay  
  103  12:12  Protoss Air Weapons Level 1  
  103  12:13  Probe  
  103  12:15  Probe  
  106  12:19  Observer  
  106  12:21  Probe  
  107  12:27  Probe  
  109  12:30  Probe  
  109  12:31  Probe  
  109  12:36  Pylon  
  110  12:39  Probe  
  110  12:41  Pylon  
  111  12:44  Templar Archives  
  111  12:48  Dark Shrine  
  111  12:50  Protoss Shields Level 1  
  111  12:57  Assimilator  
  111  12:58  Gravitic Boosters  
  111  13:00  Assimilator  
  111  13:05  Photon Cannon  
  111  13:08  Photon Cannon  
  111  13:14  Fleet Beacon  
  111  13:24  Void Ray  
  115  13:32  Colossus  
  120  13:46  Observer  
  120  13:47  Stalker  
  121  13:49  Pylon  
  121  13:51  Stalker  
  110  13:56  Zealot  
  110  14:00  Zealot  
  98  14:05  Zealot  
  98  14:08  Observer  
  89  14:10  Sentry  
  89  14:14  Adept  
  93  14:19  Adept  
  93  14:23  Stalker  
  97  14:27  Protoss Shields Level 2, Stalker  
  99  14:32  Void Ray  
  99  14:36  Colossus  
  109  14:40  Tempest  
  109  14:44  Tempest  
  109  14:45  Protoss Ground Weapons Level 3  
  121  14:47  Nexus  
  121  14:49  Stalker  
  121  14:52  Protoss Air Armor Level 1  
  123  14:53  Stalker, Gravitic Drive  
  123  14:58  Zealot  
  127  15:02  Sentry  
  129  15:30  Extended Thermal Lance  
  129  16:23  Probe  
  129  16:24  Probe  
  129  16:25  Protoss Ground Armor Level 3, Probe  
  128  16:30  Pylon  
  128  16:32  Pylon  
  129  16:35  Probe  
  129  16:36  Assimilator  
  129  16:41  Assimilator  
  129  16:44  Protoss Air Weapons Level 2  
  129  16:56  Disruptor  
  129  17:00  Pylon  
  131  17:02  Probe, Disruptor  
  131  17:08  Probe x2  
  130  17:12  Sentry  
  130  17:14  Probe  
  121  17:16  Zealot  
  121  17:20  Probe x2  
  121  17:21  Zealot  
  105  17:26  Probe, Zealot  
  73  17:30  Adept  
  73  17:35  Stalker  
  76  17:39  Zealot  
  76  17:41  Probe  
  76  17:43  Probe  
  80  17:44  Stalker, Probe  
  80  17:48  Zealot  
  80  17:50  Probe  
  85  17:52  Probe  
  85  17:53  Zealot  
  85  17:56  Probe  
  85  17:58  Void Ray, Probe  
  94  18:02  Tempest  
  101  18:07  Stalker, Nexus  
  101  18:11  Stalker  
  105  18:16  Stalker  
  107  18:20  Sentry  
  107  18:23  Void Ray  
  107  18:24  Adept  
  111  18:27  Disruptor  
  111  18:33  Disruptor  
  118  18:35  Protoss Shields Level 3  
  118  18:37  Assimilator  
  121  18:42  Tempest  
  121  18:47  Stalker  
  129  18:53  Probe  
  129  18:59  Probe  
  129  19:17  Probe  
  129  19:21  Protoss Air Weapons Level 3  
  128  19:37  Probe  
  126  19:39  Probe  
  126  19:40  Probe x2  
  117  19:47  Probe  
  117  19:50  Probe x2  
  117  19:51  Pylon  
  117  19:52  Probe  
  120  19:54  Pylon  
  120  19:55  Probe  
  120  19:57  Assimilator  
  120  20:02  Probe x2  
  120  20:04  Probe  
  122  20:07  Probe  
  122  20:14  Probe  
  121  20:16  Probe  
  121  20:17  Probe  
  123  20:26  Probe  
  123  20:27  Immortal  
  123  20:28  Probe  
  123  20:30  Probe  
  123  20:31  Zealot  
  123  20:33  Zealot  
  123  20:35  Stalker  
  128  20:38  Stalker, Probe  
  128  20:40  Probe  
  128  20:41  Observer  
  128  20:42  Probe  
  124  20:45  Stalker x3  
  122  20:50  Probe  
  122  20:51  Stalker  
  122  20:53  Adept  
  110  20:58  Zealot  
  110  21:01  Zealot  
  114  21:07  Zealot  
  114  21:09  Zealot  
  118  21:14  Adept  
  117  21:20  Stalker  
  117  21:22  Nexus  
  117  21:23  Sentry  
  109  21:26  Stalker  
  109  21:29  Stalker  
  99  21:34  Stalker  
  99  21:35  Observer  
  83  21:41  Assimilator  
  83  21:42  Stalker  
  83  21:45  Assimilator  
  83  21:46  Zealot  
  71  21:49  Sentry  
  71  21:52  Stalker  
  70  21:57  Zealot  
  69  22:05  Zealot  
  69  22:08  Stalker  
  72  22:18  Adept  
  72  22:22  Zealot  
  75  22:24  Zealot  
  75  22:29  Zealot  
  79  22:39  Stalker  
  81  22:52  Stalker  
  76  23:07  Stalker  
  75  23:21  Void Ray  
  76  23:41  Void Ray  
  20  24:44  Probe  
  20  24:47  Stalker  
  14  25:13  Probe  
  13  25:25  Probe  
  14  25:35  Probe  
  15  25:44  Probe  
  14  25:52  Probe  
  15  26:03  Probe  
  16  26:15  Probe  
  17  26:24  Warp Prism  
  19  26:27  Probe  
  20  26:36  Void Ray  
  20  26:37  Probe  
  24  27:00  Nexus  
  22  27:43  Probe  
  22  27:51  Probe  
  23  28:01  Probe  
  24  28:13  Nexus  
  24  28:14  Probe  
  25  28:26  Probe  
Show
View Real Time Build Order
Export as new Build Order

IA (Más difícil) Zerg 

Build Orders: Hatch First 

Get SALT Encoding   

  12  0:01  Drone  
  13  0:12  Overlord  
  13  0:17  Drone  
  14  0:30  Drone x2  
  14  0:34  Drone  
  17  0:57  Hatchery, Drone  
  17  1:10  Spawning Pool  
  16  1:11  Drone  
  16  1:15  Drone  
  16  1:18  Extractor  
  17  1:20  Drone  
  18  1:27  Overlord  
  18  1:38  Drone  
  19  1:57  Queen  
  19  1:59  Zergling x2  
  19  2:00  Zergling x2  
  23  2:01  Roach Warren  
  22  2:11  Baneling Nest  
  22  2:12  Drone  
  22  2:19  Extractor  
  22  2:21  Drone  
  21  2:26  Drone  
  21  2:30  Drone  
  21  2:33  Zergling x2  
  22  2:37  Zergling x2  
  22  2:41  Zergling x2  
  24  2:44  Drone  
  25  2:52  Roach  
  27  3:02  Roach  
  27  3:09  Extractor  
  27  3:10  Drone  
  27  3:12  Roach  
  28  3:16  Overlord  
  28  3:22  Roach  
  30  3:32  Roach  
  30  3:40  Drone  
  27  3:48  Extractor  
  27  3:51  Lair  
  24  4:02  Queen  
  24  4:06  Zergling x2  
  23  4:10  Zergling x2  
  19  4:17  Drone  
  19  4:23  Drone  
  20  4:27  Drone  
  20  4:32  Drone  
  20  4:35  Drone  
  21  4:39  Drone  
  22  4:59  Drone  
  22  5:01  Drone  
  22  5:03  Drone  
  22  5:04  Zergling x4  
  24  5:08  Drone  
  24  5:09  Zergling x4  
  24  5:10  Zergling x2  
  25  5:15  Drone  
  26  5:21  Drone  
  26  5:26  Zergling x2  
  25  5:32  Drone  
  23  5:37  Zergling x2  
  23  5:41  Zergling x2  
  23  5:42  Zergling x2, Drone  
  26  5:47  Drone  
  22  5:53  Hydralisk Den, Drone  
  18  6:00  Drone  
  18  6:07  Drone  
  18  6:13  Drone  
  18  6:16  Drone  
  19  6:23  Drone  
  18  6:31  Drone  
  15  6:41  Drone  
  11  6:53  Drone  
  12  6:59  Drone  
  13  7:07  Drone  
  8  8:13  Drone  
  7  8:22  Drone  
  8  8:31  Drone  
  9  8:35  Hatchery  
  9  8:36  Drone  
  9  8:44  Drone  
  10  8:52  Drone  
  11  8:59  Drone  
  12  9:06  Drone  
  13  9:13  Drone  
  13  9:19  Drone  
  14  9:25  Drone  
  15  9:33  Drone  
  16  9:40  Drone  
  17  9:46  Drone  
  17  9:52  Drone  
  19  9:59  Drone  
  19  10:05  Drone  
  19  10:12  Drone  
  17  10:18  Drone  
  18  10:25  Drone  
  19  10:31  Drone  
  20  10:37  Drone  
  20  10:42  Drone  
  20  10:51  Drone  
  20  10:56  Drone  
  19  10:58  Drone  
  19  11:21  Spawning Pool  
  16  11:39  Drone  
  14  11:46  Drone  
  15  11:50  Drone  
  16  11:58  Drone  
  16  12:07  Drone  
  17  12:11  Queen  
  17  12:14  Drone  
  12  12:25  Drone  
  9  12:39  Drone  
  9  12:53  Drone  
  6  13:07  Drone  
  4  13:29  Drone  
  5  14:05  Drone  
  6  14:46  Drone  
  6  14:50  Hatchery  
  6  14:56  Drone  
  7  15:05  Drone  
  8  15:13  Drone  
  8  16:02  Drone  
  9  16:04  Drone x2  
  9  16:09  Spawning Pool  
  9  16:55  Drone x2  
  9  16:56  Queen  
  12  17:26  Drone  
  12  17:31  Drone  
  12  17:36  Drone  
  14  17:46  Drone  
Show
View Real Time Build Order
Export as new Build Order

IA (Más difícil) Terran 

Build Orders:  

Get SALT Encoding   

  12  0:01  SCV  
  13  0:13  SCV  
  14  0:19  Supply Depot  
  14  0:25  SCV  
  15  0:41  SCV  
  16  0:45  Barracks  
  16  0:50  Refinery  
  16  0:53  SCV  
  17  1:05  SCV  
  18  1:17  SCV  
  19  1:21  Supply Depot  
  19  1:30  SCV  
  19  1:32  Marine  
  21  1:43  Barracks, Orbital Command  
  21  1:50  Refinery  
  21  1:51  Barracks Tech Lab  
  21  2:08  Marine  
  21  2:09  Supply Depot  
  22  2:26  Marine  
  22  2:29  Marine  
  24  2:44  Marauder  
  24  2:47  Marine  
  24  2:50  Supply Depot  
  27  3:05  Marine  
  28  3:07  Marauder  
  30  3:19  Supply Depot  
  30  3:23  Marine  
  31  3:28  Marine, SCV  
  33  3:40  Marine, Engineering Bay, SCV  
  35  3:46  Marine  
  36  3:52  SCV  
  37  3:58  Marine  
  38  4:04  Marauder, SCV  
  38  4:07  Supply Depot  
  41  4:16  Marine, SCV  
  43  4:26  Marauder  
  43  4:28  SCV  
  46  4:44  SCV  
  46  4:47  Marauder  
  48  5:08  Marauder  
  50  6:05  Barracks Tech Lab  
  50  6:07  Terran Infantry Weapons Level 1  
  50  6:08  Factory  
  50  6:11  Factory  
  50  6:12  Command Center  
  50  6:15  Missile Turret  
  49  6:23  Combat Shield  
  49  6:25  Missile Turret  
  49  6:28  Stimpack  
  49  6:29  SCV  
  46  6:41  SCV  
  41  6:49  Marine  
  41  6:53  SCV  
  37  6:56  Marine  
  37  6:57  Supply Depot, Factory Tech Lab  
  32  7:01  Starport  
  32  7:05  SCV  
  32  7:07  Marine  
  31  7:10  Starport  
  31  7:14  Marine  
  32  7:16  Widow Mine  
  32  7:17  SCV  
  32  7:19  Factory Tech Lab  
  35  7:24  SCV  
  35  7:25  Marine  
  35  7:29  SCV  
  38  7:31  Marine  
  38  7:36  SCV  
  40  7:37  Siege Tank  
  40  7:38  Starport Tech Lab  
  40  7:41  Concussive Shells, SCV  
  40  7:42  Siege Tank  
  47  7:46  Starport Tech Lab  
  47  7:48  SCV  
  47  7:49  Marine  
  49  7:53  SCV  
  49  7:55  Marine  
  51  8:00  SCV  
  51  8:02  Terran Infantry Armor Level 1  
  52  8:05  SCV  
  52  8:06  Marine  
  52  8:12  SCV  
  55  8:13  Marine  
  55  8:15  Siege Tank  
  55  8:18  SCV  
  60  8:22  Widow Mine  
  60  8:24  SCV  
  61  8:28  Marine  
  61  8:30  SCV  
  61  8:35  Marauder  
  61  8:36  SCV  
  63  8:42  SCV  
  63  8:46  Marauder  
  63  8:47  Raven  
  66  8:48  SCV  
  66  8:54  SCV  
  68  8:56  Marine  
  68  8:59  Raven  
  68  9:00  SCV  
  72  9:06  SCV  
  72  9:08  Marauder, Bunker  
  73  9:12  SCV  
  73  9:14  Marauder  
  76  9:18  SCV  
  76  9:19  Missile Turret  
  76  9:22  Supply Depot  
  77  9:25  SCV  
  77  9:30  Missile Turret, SCV  
  79  9:37  Sensor Tower, SCV  
  80  9:42  SCV  
  80  9:45  Armory  
  80  9:51  Barracks  
  80  9:54  Bunker  
  80  10:07  Refinery  
  80  10:12  Refinery  
  80  10:17  Viking  
  82  10:22  Factory  
  77  10:29  Starport  
  77  10:38  Barracks Reactor, Liberator  
  77  10:41  Viking  
  79  10:44  Command Center  
  82  11:01  Marine  
  83  11:05  Medivac, Factory Tech Lab  
  83  11:09  Supply Depot  
  85  11:15  Medivac  
  87  11:36  Starport Reactor  
  87  11:38  Medivac  
  89  11:45  Raven  
  91  11:48  Supply Depot  
  91  11:53  Cyclone  
  94  11:56  SCV  
  94  11:57  SCV x2  
  94  11:58  Refinery  
  97  12:08  SCV  
  97  12:10  Refinery, SCV  
  97  12:11  SCV  
  97  12:12  Thor  
  106  12:19  Viking  
  106  12:20  Liberator, SCV  
  110  12:22  SCV  
  110  12:23  SCV  
  110  12:25  Supply Depot  
  110  12:26  Viking  
  113  12:32  SCV  
  113  12:34  SCV  
  113  12:36  SCV  
  116  12:39  Missile Turret  
  119  12:44  SCV  
  119  12:45  Missile Turret  
  119  12:47  SCV  
  119  12:48  Terran Infantry Weapons Level 2  
  119  12:49  Supply Depot, SCV  
  122  12:57  SCV  
  123  12:59  SCV  
  124  13:06  Terran Vehicle Weapons Level 1  
  124  13:08  Bunker  
  124  13:12  Engineering Bay  
  124  13:27  Ghost Academy  
  124  13:35  Fusion Core  
  124  13:36  SCV  
  124  13:37  SCV  
  124  13:38  SCV, Terran Infantry Armor Level 2  
  123  13:41  Armory  
  121  13:48  SCV  
  121  13:49  SCV  
  121  13:50  SCV  
  121  13:51  Viking  
  113  13:57  Marine  
  113  14:00  SCV  
  113  14:02  Marine, SCV  
  103  14:06  Marine x2  
  103  14:07  Siege Tank  
  109  14:15  Marauder  
  111  14:17  Supply Depot  
  111  14:20  Marine  
  111  14:24  Marine x2  
  114  14:33  Siege Tank  
  114  14:36  Marauder  
  119  14:38  Marine  
  119  14:41  Marine  
  119  14:42  Marine  
  119  14:44  Supply Depot  
  122  14:48  Command Center  
  122  14:56  Marine  
  122  14:57  Marine  
  122  14:59  Marine  
  125  15:00  Marine  
  126  15:10  Supply Depot  
  126  15:14  Marauder  
  126  15:15  Marine  
  126  15:17  Marine x2  
  131  15:33  Marine  
  131  15:35  Marine x2  
  134  15:47  Missile Turret  
  134  15:48  Advanced Ballistics  
  134  15:50  Terran Infantry Weapons Level 3  
  134  15:51  Marauder  
  134  15:52  Terran Vehicle Weapons Level 2  
  134  15:53  Marauder  
  134  15:54  Terran Infantry Armor Level 3  
  134  15:55  Terran Vehicle And Ship Armor Level 1  
  138  16:03  Refinery  
  138  16:12  Missile Turret  
  138  16:13  Marauder  
  138  16:16  Missile Turret  
  138  16:17  Refinery  
  140  16:22  Bunker  
  140  16:40  Bunker  
  140  17:00  Hellion  
  142  17:02  Hellion  
  142  17:04  Hellion  
  146  17:15  Marine  
  137  17:18  Marine  
  137  17:20  Medivac  
  137  17:21  Marine  
  125  17:22  Raven  
  125  17:23  Siege Tank  
  125  17:25  Marine  
  125  17:27  Medivac  
  123  17:33  Marine, Siege Tank  
  123  17:36  Marine  
  127  17:39  Marine, SCV  
  127  17:41  Siege Tank  
  127  17:42  Bunker, SCV  
  127  17:43  Marine  
  127  17:49  Terran Ship Weapons Level 1, Missile Turret  
  127  17:51  Marine  
  112  17:53  Raven  
  112  17:54  Supply Depot, Marine  
  112  17:56  Marine  
  100  17:59  Siege Tank  
  100  18:01  Marine  
  100  18:05  Siege Tank  
  98  18:09  Marine  
  98  18:11  Marine, Terran Vehicle Weapons Level 3  
  100  18:13  Command Center, Siege Tank  
  100  18:14  Marine  
  100  18:19  Marine  
  105  18:26  Marine  
  105  18:27  Hi-Sec Auto Tracking  
  105  18:29  Marine  
  105  18:31  Hellion  
  105  18:32  Marine  
  110  18:38  Hellion  
  112  18:46  Hellion  
  114  18:53  Siege Tank  
  117  18:59  Siege Tank  
  120  19:07  Hellion  
  122  19:11  Infernal Pre-Igniter  
  122  19:20  SCV  
  122  19:25  Siege Tank  
  122  19:28  Siege Tank  
  122  19:30  Thor  
  134  19:43  Terran Vehicle And Ship Armor Level 2  
  134  20:02  Neosteel Armor  
  134  20:09  Neosteel Frame  
  134  20:15  Rapid Reignition System, Marine  
  134  20:16  Marine x2  
  134  20:17  Marine  
  138  20:24  Widow Mine  
  140  20:31  SCV, Widow Mine  
  140  20:34  Marauder x2, Marine x2  
  146  20:43  SCV  
  146  20:44  SCV x3  
  143  20:51  Missile Turret  
  143  20:52  Marine  
  143  20:54  Marine  
  143  20:55  Marauder, Marine, Missile Turret, SCV  
  143  20:56  SCV x3  
  141  21:01  Raven  
  141  21:06  Missile Turret  
  141  21:07  SCV  
  141  21:08  SCV  
  141  21:09  SCV x2  
  141  21:10  Marine  
  143  21:12  Marine  
  143  21:13  Marauder  
  143  21:16  Marauder  
  143  21:19  Medivac, SCV  
  143  21:20  SCV  
  143  21:23  SCV  
  143  21:24  SCV  
  130  21:27  Marine  
  130  21:29  Marine  
  130  21:31  SCV  
  130  21:32  SCV  
  127  21:33  Widow Mine  
  127  21:34  Marine  
  127  21:37  Widow Mine  
  127  21:38  Marauder  
  121  21:45  Marine  
  109  21:47  Marine  
  109  21:50  Siege Tank  
  109  21:52  Marine, Missile Turret  
  111  21:59  Marauder  
  113  22:03  Marine  
  113  22:05  Marine  
  115  22:10  Marine  
  115  22:15  Bunker  
  115  22:20  Terran Vehicle And Ship Armor Level 3, Marine  
  115  22:21  Marine  
  115  22:22  Terran Ship Weapons Level 2  
  117  22:23  Marine  
  117  22:28  Marine  
  119  22:38  Marauder  
  119  22:39  Marine  
  121  23:05  Ghost  
  121  23:06  Marine  
  121  23:07  Marine x2  
  126  23:24  Marine  
  126  23:25  Marine x2  
  128  23:35  Marauder  
  130  23:43  Marauder  
  132  23:51  Marine  
  132  23:53  Marine  
  129  23:55  Ghost  
  129  23:57  Medivac  
  128  24:04  Marauder  
  130  24:20  Marine  
  128  24:38  Missile Turret  
  123  24:40  Terran Ship Weapons Level 3  
  123  24:43  SCV x2  
  120  24:46  SCV  
  120  24:48  Marine  
  120  24:50  Marauder  
  113  24:53  Marine x2  
  113  24:55  SCV x2  
  113  24:56  Raven  
  113  24:57  Raven  
  113  24:59  SCV  
  101  25:00  Viking x2  
  101  25:02  Hellion  
  101  25:03  Hellion x2  
  94  25:09  SCV  
  94  25:10  SCV  
  93  25:16  SCV  
  93  25:21  Marauder, Marine, SCV  
  90  25:22  Marine, SCV  
  90  25:23  Hellion, Marine  
  90  25:28  Hellion, SCV  
  92  25:30  Viking, Hellion  
  92  25:32  Viking  
  92  25:33  SCV  
  91  25:38  SCV  
  91  25:39  Raven  
  91  25:40  Viking, Marine, SCV  
  91  25:41  Marine  
  92  25:45  SCV  
  92  25:49  Hellion  
  89  25:50  SCV  
  89  25:52  SCV  
  89  25:53  Hellion, Command Center  
  83  25:57  SCV  
  83  26:00  Viking  
  83  26:01  Refinery  
  83  26:02  Medivac, SCV  
  84  26:10  Viking  
  84  26:11  Hellion  
  83  26:12  Engineering Bay  
  74  26:21  Hellion  
  74  26:22  Viking  
  76  26:25  SCV  
  76  26:26  SCV  
  76  26:30  Viking  
  62  26:37  SCV  
  49  26:42  SCV  
  49  26:43  Hellion  
  26  27:29  Command Center  
  24  27:32  Barracks  
  20  28:19  Marine  
  13  29:23  SCV  
  5  29:35  SCV  
  6  29:47  SCV  
Tags
 
Add a new tag
Caveats
  • Supply blocks, unpowered buildings, or Contaminate may cause inaccurate times.
  • Supply counts are checked every 10 seconds.